 Dungeon Crawl Stone Soup version 0.31.0-12-g77e489cdc1 (webtiles) character file.

Game seed: 15620784148233154293

39 Silvore the Trooper (level 3, -1/33 HPs)
             Began as a Minotaur Monk on Feb 17, 2024.
             Succumbed to an adder's poison
             ... on level 2 of the Dungeon.
             The game lasted 00:01:40 (893 turns).

Silvore the Trooper (Minotaur Monk)                  Turns: 893, Time: 00:01:41

Health: -1/33      AC:  2    Str: 15    XL:     3   Next: 26%
Magic:  2/2        EV: 13    Int:  7    God:
Gold:   66         SH:  0    Dex: 14    Spells: 2/2 levels left

rFire   . .          .
                       - Unarmed
rCold   . . .        c - orb {light}
rNeg    . . .        a - +0 robe
rPois   .            (helmet restricted)
rElec   .            (no cloak)
rCorr   .            (no gloves)
SInv    .            (no boots)
Will    .....        (no amulet)
Stlth   +            (no ring)
HPRegen 0.25/turn    (no ring)
MPRegen 0.08/turn

%: no passive effects
@: lethally poisoned (-1 -> -5), glowing
A: horns 2, retaliatory headbutt
a: no special abilities


You were on level 2 of the Dungeon.
You visited 1 branch of the dungeon, and saw 2 of its levels.

You collected 66 gold pieces.

Inventory:

Armour
 a - a +0 robe (worn)
 c - an orb of light (worn)
Potions
 b - a potion of ambrosia
 d - a potion of mutation {unknown}
 e - 2 potions of enlightenment {unknown}


   Skills:
 + Level 4.2 Fighting
 + Level 3.8 Dodging
 + Level 4.0 Unarmed Combat


You had 2 spell levels left.
You didn't know any spells.
Your spell library was empty.

Dungeon Overview and Level Annotations

Branches:
Dungeon (2/15)

Altars:

Shops:
D:1 [


Innate Abilities, Weirdness & Mutations

You have a pair of horns on your head.
You reflexively headbutt those who attack you in melee.


Message History

The stone misses you. The kobold attacks as it pursues you!
The kobold misses you. The bat closely misses you. The endoplasm freezes you.
You are frozen.
The kobold hits you but does no damage. The bat closely misses you.
The endoplasm freezes you.
You are frozen.
The bat hits you but does no damage. x2; The kobold closely misses you. x2
The endoplasm closely misses you. You furiously retaliate!
You headbutt the endoplasm. The bat hits you. The kobold closely misses you.
The adder bites you.
The kobold hits you with a +0 short sword.
The endoplasm freezes you.
You are frozen.
The kobold hits you but does no damage. The adder completely misses you.
The kobold barely misses you. You furiously retaliate!
You headbutt the kobold!
You kill the kobold!
The bat barely misses you. The endoplasm freezes you.
You are frozen.
The bat misses you. You furiously retaliate!
You headbutt the bat!
You kill the bat!
The adder bites you. The kobold hits you but does no damage.
The adder misses you. You furiously retaliate!
You headbutt the adder. The endoplasm barely misses you.
The kobold hits you with a +0 short sword.
The adder bites you.
* * * LOW HITPOINT WARNING * * *
The endoplasm barely misses you.
The kobold hits you with a +0 short sword.
* * * LOW HITPOINT WARNING * * *
The adder bites you.
* * * LOW HITPOINT WARNING * * *
You are lethally poisoned!
The adder poisons you! The endoplasm freezes you.
You are frozen.
* * * LOW HITPOINT WARNING * * *
You die...

#.#
.............#######.###
...#...................#
.............###.......#
........................
.............# #.....?##
.......[.....# #...†....
......S)J....###......##
......†@K...............
......................#.
.............###......#.
.............$...#####..
#####.#.########.......#
#...# ######..# ..###
##. .#. .#.


You could see an adder, an endoplasm and a kobold.

Vanquished Creatures
  A gnoll (D:1)
  A dart slug (D:1)
  3 bats
  2 endoplasms (D:1)
  2 giant cockroaches (D:1)
  A goblin (D:1)
  5 hobgoblins (D:1)
  2 kobolds
  2 quokkas
  A ball python (D:1)
  2 frilled lizards (D:1)
22 creatures vanquished.

Notes
Turn   | Place    | Note
-------+----------+-------------------------------------------
     0 | D:1      | Silvore the Minotaur Monk began the quest for the Orb.
     0 | D:1      | Reached XP level 1. HP: 19/19 MP: 0/0
   133 | D:1      | Reached XP level 2. HP: 27/27 MP: 1/1
   178 | D:1      | Found Lutaclop's Armour Shop.
   456 | D:1      | Reached XP level 3. HP: 33/33 MP: 2/2
   892 | D:2      | HP: 1/33 [frozen (4)]
   893 | D:2      | Succumbed to an adder's poison

Illustrated notes

Levels and vault maps discovered:
D:1:      dpeg_arrival_rooms_b, layout_loops_ring, serial_shops,
          nicolae_shop_waterfront
D:2:      layout_rooms, basic_altar

Skill      XL: |  1  2  3 |
---------------+----------+-----
Fighting       | 4 |  4.2
Unarmed Combat | 4 |  4.0
Dodging        | |  3.8

Action                     || total
---------------------------++-------
  Melee: Unarmed           ||    48
         Headbutt          ||    10
 Armour: Robe              ||    40
  Dodge: Dodged            ||    57
